 Dungeon Crawl Stone Soup version 0.17.0-73-gb648821 (webtiles) character file.

47 PriceChild the Grave Robber (level 3, -3/24 HPs)
             Began as a Mummy Necromancer on Dec 9, 2015.
             Slain by a worm (5 damage)
             ... on level 2 of the Dungeon.
             The game lasted 00:17:57 (2330 turns).

PriceChild the Grave Robber (Mummy Necromancer)     Turns: 2330, Time: 00:17:57

Health: -3/24      AC:  5    Str: 11    XL:     3   Next: 48%
Magic:  1/6        EV: 12    Int: 15    God:
Gold:   86         SH:  0    Dex: 12    Spells: 3 memorised, 1 level left

rFire  x . .     SeeInvis .     e - +0 dagger (curse)
rCold  + . .     Clarity  .     a - +0 robe
rNeg   + + +     SustAt   .     (no shield)
rPois  ∞         Gourm    .     d - +2 helmet
rElec  .         Spirit   .     (no cloak)
rCorr  .         Warding  .     (no gloves)
rMut   .         Stasis   .     (no boots)
MR     .....                    (no amulet)
Stlth  ++........               (no ring)
                                (no ring)

@: not resistant to hostile enchantments, unstealthy
A: no food or potions, fire vulnerability, cold resistance 1, negative energy
resistance 3, torment resistance, unbreathing
a: no special abilities


You were on level 2 of the Dungeon.
You were not hungry.

You visited 1 branch of the dungeon, and saw 2 of its levels.

You collected 86 gold pieces.

Inventory:

Hand Weapons
 e - a cursed +0 dagger (weapon)
 g - a +0 hand axe
 k - a +0 dagger
 l - a +0 club
 n - a +2 mace of protection
 o - a +0 club
 p - a +0 dagger
 r - a +0 dagger
 s - a +0 hand axe
 t - a +0 short sword
 v - a +0 club
 x - a cursed +0 mace
Missiles
 f - 17 stones (quivered)
Armour
 a - a +0 robe (worn)
 c - a +0 robe
 d - a +2 helmet (worn)
 u - a +0 ring mail
Scrolls
 m - a scroll of remove curse {unknown}
 w - 2 scrolls of magic mapping {unknown}
Potions
 h - a potion of haste {unknown}
 i - 2 potions of curing {unknown}
 q - a potion of degeneration {unknown}
Books
 b - a book of Necromancy

   Spells                             Type                      Level
   a - Pain                           Necromancy                   1
   b - Animate Skeleton               Necromancy                   1
   c - Vampiric Draining              Necromancy                   3
   d - Regeneration                   Charms/Necromancy            3
   e - Animate Dead                   Necromancy                   4
   f - Control Undead                 Necromancy                   4
Comestibles
 j - 2 meat rations
 z - a chunk of flesh


   Skills:
 + Level 0.2 Fighting
 + Level 0.1 Short Blades
 + Level 1.7 Dodging
 + Level 1.9 Stealth
 + Level 0.1 Unarmed Combat
 + Level 2.3 Spellcasting
 + Level 4.6 Necromancy


You had one spell level left.
You knew the following spells:

 Your Spells              Type           Power        Failure   Level  Hunger
a - Pain                  Necr           ###.         3%          1    N/A
b - Animate Skeleton      Necr           N/A          3%          1    N/A
c - Vampiric Draining     Necr           ###.......   12%         3    N/A

Dungeon Overview and Level Annotations

Branches:
Dungeon (2/15)

Altars:


Innate Abilities, Weirdness & Mutations

You do not eat or drink.
Your flesh is vulnerable to fire.
You are immune to poison.
Your flesh is cold resistant.
You are immune to negative energy.
You are immune to unholy pain and torment.
You can survive without breathing.


Message History

You hit the worm.
The worm is severely wounded.
You barely miss the worm.
The worm is severely wounded.
The worm bites you.
You barely miss the worm.
The worm is severely wounded.
The worm bites you!
* * * LOW HITPOINT WARNING * * *
You hit the worm.
The worm is severely wounded.
You hit the worm but do no damage.
The worm is severely wounded.
The worm bites you but does no damage.
You hit the worm.
The worm is severely wounded.
You barely miss the worm.
The worm is severely wounded.
The worm bites you.
You die...

##### .Z..# ###.# # #Z#
###########...# ##Z##
#......@w.....#
#...#####.#########...#
...#...Z...# #
.#...####### ....##
.### .


You could see a worm.

Vanquished Creatures
  An adder (D:2)
  An ooze (D:1)
  A worm (D:2)
  2 giant geckos (D:1)
  2 bats (D:1)
  A giant cockroach (D:1)
  3 goblins
  3 hobgoblins (D:1)
  2 jackals (D:1)
  6 kobolds (D:1)
  5 giant newts
  A rat (D:1)
28 creatures vanquished.

Vanquished Creatures (collateral kills)
  A bat (D:1)
  A giant cockroach (D:1)
  A rat (D:1)
3 creatures vanquished.

Grand Total: 31 creatures vanquished

Notes
Turn   | Place    | Note
--------------------------------------------------------------
     0 | D:1      | PriceChild the Mummy Necromancer began the quest for the Orb.
     0 | D:1      | Reached XP level 1. HP: 13/13 MP: 3/3
    79 | D:1      | Learned a level 1 spell: Animate Skeleton
   544 | D:1      | Reached XP level 2. HP: 19/19 MP: 5/5
  1617 | D:1      | Reached XP level 3. HP: 24/24 MP: 2/6
  1623 | D:1      | Learned a level 3 spell: Vampiric Draining
  2326 | D:2      | HP: 1/24 [worm (7)]
  2330 | D:2      | Slain by a worm

Action                   || total
-------------------------++-------
Melee: Unarmed           ||    28
       Dagger            ||    56
Throw: Stone             ||     1
 Cast: Pain              ||    51
       Animate Skeleton  ||    13
  Use: Scroll            ||     2
